 Dungeon Crawl Stone Soup version 0.29-a0-284-gf9362112df (webtiles) character file.

Game seed: 13441418583165866046

472 rabbitsville the Sneak (level 6, 0/30 HPs)
             Began as a Spriggan Brigand on Mar 15, 2022.
             Slain by a sky beast (1 damage)
             ... on level 5 of the Dungeon.
             The game lasted 00:21:59 (4668 turns).

rabbitsville the Sneak (Spriggan Brigand)           Turns: 4668, Time: 00:21:59

Health: 0/30       AC:  3    Str:  7    XL:     6   Next: 83%
Magic:  7/7        EV: 16    Int: 18    God:
Gold:   177        SH:  5    Dex: 19    Spells: 5/5 levels left

rFire   . . .      SeeInvis +   a - +2 dagger
rCold   . . .      Faith    .   (no shield)
rNeg    . . .      Spirit   .   b - +0 robe
rPois   .          Reflect  +   (helmet restricted)
rElec   .          Harm     .   c - +0 cloak
rCorr   .          Rampage  .   (gloves unavailable)
Will    +....                   (boots unavailable)
Stlth   ++++......              l - amulet of reflection
HPRegen 0.10/turn               m - +6 ring of intelligence
MPRegen 0.10/turn               (no ring)

@: brilliant, very quick
A: very small, no large weapons, unfitting armour, see invisible, speed 3
a: no special abilities


You were on level 5 of the Dungeon.
You visited 2 branches of the dungeon, and saw 6 of its levels.

You collected 177 gold pieces.

Inventory:

Hand Weapons
 a - a +2 dagger (weapon)
Missiles
 e - 3 curare-tipped darts
 h - 145 stones (quivered)
 q - 2 atropa-tipped darts
Armour
 b - a +0 robe (worn)
 c - a +0 cloak (worn)
Jewellery
 l - an amulet of reflection (around neck)
 m - a +6 ring of intelligence (left hand)
Scrolls
 f - 2 scrolls of blinking {unknown}
 j - 2 scrolls of enchant armour {unknown}
 k - a scroll of enchant weapon {unknown}
 n - 5 scrolls of identify {unknown}
 r - a scroll of vulnerability {unknown}
 t - a scroll of amnesia {unknown}
 u - 2 scrolls of teleportation {unknown}
 v - a scroll of fog {unknown}
Potions
 g - 2 potions of curing {unknown}
 i - a potion of haste {unknown}
 o - 2 potions of heal wounds {unknown}
 p - 2 potions of brilliance
 s - 2 potions of magic {unknown}
 w - 2 potions of berserk rage {unknown}


   Skills:
 - Level 1.5 Fighting
 + Level 4.1 Short Blades
 * Level 6.2 Throwing
 - Level 1.3 Dodging
 - Level 7.0 Stealth


You had 5 spell levels left.
You didn't know any spells.
Your spell library contained the following spells:

 Spells                   Type           Power      Damage    Failure   Level
 Call Canine Familiar     Summ           0%         N/A       54%         3
 Portal Projectile        Hex/Tloc       0%         N/A       54%         3
 Leda's Liquefaction      Hex/Erth       0%         N/A       91%         4


Dungeon Overview and Level Annotations

Branches:
Dungeon (5/15)             Temple (1/1) D:5

Altars:
Ashenzari
Cheibriados
Fedhas
Gozag
Hepliaklqana
Kikubaaqudgha
Makhleb
Nemelex Xobeh
Okawaru
Qazlal
Ru
Trog
Uskayaw
Vehumet
Yredelemnul
Zin
The Shining One

Annotations:
D:4 exclusions: black bear and ice beast


Innate Abilities, Weirdness & Mutations

You are very small and have problems with some larger weapons.
You are too small for most types of armour.
You have supernaturally acute eyesight. (SInv)
You cover ground extremely quickly. (Speed+++)


Message History

Press: ? - help, Q - select action, (/) - cycle Shift-Dir - straight line, f/p - sky beast
Aim: a sky beast (heavily wounded, slightly transparent, 54% to hit)
You throw a stone.
The stone hits the sky beast but does no damage.
The sky beast is heavily wounded.
Throw: 147 stones
Press: ? - help, Q - select action, (/) - cycle Shift-Dir - straight line, f/p - sky beast
Aim: a sky beast (heavily wounded, slightly transparent, 54% to hit)
You throw a stone.
The stone completely misses the sky beast.
Throw: 146 stones
Press: ? - help, Q - select action, (/) - cycle Shift-Dir - straight line, f/p - sky beast
Aim: a sky beast (heavily wounded, slightly transparent, 54% to hit)
You throw a stone. The stone hits the sky beast.
The sky beast is heavily wounded.
You hit the sky beast but do no damage.
The sky beast is heavily wounded.
The sky beast hits you. The sky beast shocks you.
You barely miss the sky beast.
The sky beast is heavily wounded.
The sky beast hits you. The sky beast shocks you.
You closely miss the sky beast.
The sky beast is heavily wounded.
You hit the sky beast.
The sky beast is severely wounded.
The sky beast hits you. The sky beast shocks you.
* * * LOW HITPOINT WARNING * * *
You hit the sky beast but do no damage.
The sky beast is severely wounded.
The sky beast closely misses you.
You hit the sky beast.
The sky beast is severely wounded.
The sky beast hits you.
* * * LOW HITPOINT WARNING * * *
The sky beast shocks you.
* * * LOW HITPOINT WARNING * * *
It was a potion of brilliance.
You feel clever all of a sudden. The sky beast hits you.
You die...

........####.....#
...(....'.......##
........####....#
.......###....#.##
#.....## #.####.(#
##...## #.# ##(#
##'## #.# #(# #(#
#.# #Y# .(# #####
#@# ...# ##_## #.#
..... 8...8 #.#
#.... #.....# #.#
#.... _....._##.#
###...##.....##..#
#8...8#####


You could see a sky beast (invisible).

Vanquished Creatures
  An ogre (D:5)
  2 scorpions (D:4)
  2 hounds
  2 iguanas (D:5)
  4 gnolls (D:4)
  4 adders
  An ufetubus (D:2)
  A worm (D:3)
  6 orcs
  5 bats
  7 endoplasms
  3 giant cockroaches
  5 goblins
  5 hobgoblins
  2 jackals (D:1)
  3 quokkas
  5 ball pythons
  2 frilled lizards
  5 kobolds
  5 rats
70 creatures vanquished.

Vanquished Creatures (others)
  A plant (D:1)
  4 withered plants (D:1)
5 creatures vanquished.

Grand Total: 75 creatures vanquished

Notes
Turn   | Place    | Note
-------+----------+-------------------------------------------
     0 | D:1      | rabbitsville the Spriggan Brigand began the quest for the
                  | Orb.
     0 | D:1      | Reached XP level 1. HP: 10/10 MP: 2/2
   189 | D:1      | Reached skill level 6 in Stealth
   203 | D:1      | Found a faded altar of an unknown god.
   316 | D:1      | Reached XP level 2. HP: 12/14 MP: 3/3
   825 | D:2      | Found a stormy altar of Qazlal.
   877 | D:2      | Reached XP level 3. HP: 18/18 MP: 4/4
  1542 | D:3      | Noticed a phantom
  1614 | D:3      | Noticed a scorpion
  1628 | D:3      | Found a broken altar of Ashenzari.
  1680 | D:3      | Reached XP level 4. HP: 17/22 MP: 5/5
  2056 | D:3      | Found an opulent altar of Gozag.
  2059 | D:3      | Found an opulent altar of Gozag.
  2070 | D:3      | Found an opulent altar of Gozag.
  2083 | D:3      | Reached skill level 7 in Stealth
  2190 | D:3      | Found an opulent altar of Gozag.
  2582 | D:4      | Noticed a black bear
  2583 | D:4      | Noticed an ice beast
  2851 | D:4      | Noticed a scorpion
  2859 | D:4      | Killed a scorpion
  2860 | D:4      | Reached XP level 5. HP: 25/25 MP: 6/6
  3018 | D:4      | Reached skill level 5 in Throwing
  3346 | D:4      | Reached XP level 6. HP: 26/30 MP: 7/7
  3650 | D:5      | Entered Level 5 of the Dungeon
  3670 | D:5      | Found a staircase to the Ecumenical Temple.
  3682 | Temple   | Entered the Ecumenical Temple
  4472 | D:5      | Noticed a sky beast
  4493 | D:5      | Found a hazy altar of Hepliaklqana.
  4496 | D:5      | Found a blossoming altar of Fedhas.
  4496 | D:5      | Found a basalt altar of Yredelemnul.
  4667 | D:5      | HP: 1/30 [sky beast (5)]
  4668 | D:5      | Slain by a sky beast

Illustrated notes

Levels and vault maps discovered:
D:1:      minmay_arrival_three_doors, layout_basic,
          shapermc_ecumenical_altar_flowoftime
D:2:      layout_basic, basic_altar
D:3:      layout_basic, nicolae_gozag_conspicuous_consumption,
          evilmike_ruin_ashenzari, hex_tiny
D:4:      layout_gridville
D:5:      layout_loops_corners, nicolae_overflow_hidden_temple,
          minmay_temple_entry_junction, grunt_decor_one_mirror,
          chequers_decorated_corner, moated_statue, corexii_leaking_fountain
Temple:   minmay_temple_bridge_abc

Skill      XL: |  1  2  3  4  5  6 |
---------------+-------------------+-----
Stealth        | 6 7 |  7.0
Throwing       | 3 4 5 6 |  6.2
Short Blades   | 3 4 |  4.1
Fighting       | |  1.5
Dodging        | |  1.3

Action                   |  1- 3 |  4- 6 || total
-------------------------+-------+-------++-------
Melee: Dagger            |   138 |    92 ||   230
       Punch             |     1 |     1 ||     2
Throw: Dart              |     2 |    24 ||    26
       Stone             |       |    17 ||    17
  Use: Potion            |       |     1 ||     1
 Stab: Sleeping          |     6 |     9 ||    15
Armor: Robe              |    18 |     7 ||    25
Dodge: Dodged            |    89 |    30 ||   119
Block: Other             |     9 |     9 ||    18

Table legend: (Time is in decaauts)
 A = Elapsed time spent in this place.
 B = Non-inter-level travel time spent in this place.
 C = Inter-level travel time spent in this place.
 D = Time resting spent in this place.
 E = Time spent auto-exploring this place.
 F = Levels seen in this place.
 G = Mean time per level.
                   A        B        C        D        E       F      G
               +--------+--------+--------+--------+--------+-----+--------+
         Total |   3210 |   3072 |    138 |    610 |    823 |   6 |  535.0 |
       Dungeon |   3044 |   2918 |    126 |    610 |    722 |   5 |  608.8 |
        Temple |    165 |    154 |     11 |      0 |    100 |   1 |  165.0 |
               +--------+--------+--------+--------+--------+-----+--------+

Top non-repeatable levels by time:
     D:4: 805 daAuts
     D:3: 651 daAuts
     D:5: 547 daAuts
     D:1: 529 daAuts
     D:2: 511 daAuts
  Temple: 165 daAuts
